 Dungeon Sprint DCSS version 0.26.1-10-gdfb7c7de75 (webtiles) character file.

Game seed: 6068608381477420102

442 phalm the Ruffian (level 7, 0/26 (42) HPs)
             Began as a Vine Stalker Berserker on Apr 8, 2021.
             Was a Believer of Trog.
             Slain by Sonja
             ... wielding a +2 dagger of draining
              (1 damage)
             ... in the Dungeon (Sprint I: "Red Sonja").
             The game lasted 00:01:10 (434 turns).

phalm the Ruffian (Vine Stalker Berserker)           Turns: 434, Time: 00:01:11

HP:   0/26 (42)     AC:  4    Str: 19    XL:     7   Next: 2%
MP:   0/8           EV: 16    Int:  7    God:    Trog [**....]
Gold: 313           SH:  0    Dex: 16    Spells: 6/6 levels left

rFire    . . .     SeeInvis .     - Unarmed
rCold    + . .     Faith    .   (no shield)
rNeg     . . .     Spirit   +   h - +2 robe {rC+}
rPois    .         Reflect  .   (no helmet)
rElec    .         Harm     .   (no cloak)
rCorr    .         Rampage  .   (no gloves)
Will     .....     NoTele   +   (no boots)
Stlth    +.........             (no amulet)
HPRegen  0.48/turn              (no ring)
MPRegen  0.11/turn              (no ring)

@: lethally poisoned (0 -> -1), berserk cooldown, slowed, very heavily drained,
very slow
A: fangs 2, regeneration 1, magic shield, antimagic bite, no potion heal 3
a: Renounce Religion, Berserk, Trog's Hand


You were in the Dungeon.
You worshipped Trog.
Trog was pleased with you.
You visited 1 branch You collected 313 gold pieces.

Inventory:

Armour
 a - a +0 animal skin
 h - a +2 robe of cold resistance (worn)
Wands
 g - a wand of random effects (16)
Scrolls
 f - a scroll of blinking
Potions
 b - a potion of curing
 c - a potion of haste
 d - 2 potions of magic
 e - a potion of berserk rage


   Skills:
 + Level 7.2 Fighting
 + Level 6.2 Armour
 + Level 6.2 Dodging
 + Level 7.9 Unarmed Combat


You had 6 spell levels left.
You didn't know any spells.
Your spell library was empty.

Dungeon Overview and Level Annotations

Branches:
Dungeon (1/1)

Altars:
Cheibriados
Dithmenos
Elyvilon
Fedhas
Gozag
Hepliaklqana
Kikubaaqudgha
Nemelex Xobeh
Okawaru
Qazlal
Ru
Sif Muna
Trog
Uskayaw
Vehumet
Wu Jian
Yredelemnul
Zin
The Shining One

Shops:
D :

Annotations:
D Sonja


Innate Abilities, Weirdness & Mutations

You have extremely sharp teeth.
Your natural rate of healing is unusually fast.
When hurt, damage is shared between your health and your magic reserves.
Your bite disrupts and absorbs the magic of your enemies.
Potions cannot restore your health.


Message History

You feel as though you will be slow longer.
You feel sick.
Sonja casts a spell.
Sonja blinks!
There is an open door here.
You see here 2 curare-tipped darts.
You feel sick. Sonja barely misses you. Sonja completely misses you.
Sonja closely misses you.
Sonja hits you with a +2 dagger of draining.
* * * LOW HITPOINT WARNING * * *
You feel drained. Sonja misses you.
Sonja hits you with a +2 dagger of draining.
* * * LOW HITPOINT WARNING * * *
You feel drained.
You feel sick. Sonja hits you but does no damage.
You feel drained. Sonja hits you but does no damage.
You feel drained.
Sonja hits you with a +2 dagger of draining.
* * * LOW HITPOINT WARNING * * *
You feel drained.
You die...

################
#<.#..').#.)'..#
#..'[.#..'..#..+
#..#####'#####'#
#..####..#...#)# ##§§#
#..#__####..##.#≈≈≈§c#
#..#_____##'#_.+≈§§
#⌠⌠#_.∩...†.@._#≈≈≈§c
####_..__##K.#'##+###
#_____###(#.#
#########.### +$.$+
#$.$# ##(## #+#


You could see Sonja.

Vanquished Creatures
  Sigmund (D)
  A yak (D)
  An ogre (D)
  A jelly (D)
  Ijyb (D)
5 creatures vanquished.

Vanquished Creatures (others)
  A gargoyle (D)
1 creature vanquished.

Grand Total: 6 creatures vanquished

Notes
Turn   | Place    | Note
-------+----------+-------------------------------------------
     0 | D        | phalm the Vine Stalker Berserker began the quest for the
                  | Orb.
     0 | D        | Reached XP level 1. HP: 11/11 MP: 2/2
     1 | D        | Noticed Ijyb
    16 | D        | Killed Ijyb
    17 | D        | Reached XP level 2. HP: 6/17 MP: 1/3
    17 | D        | Reached XP level 3. HP: 8/21 MP: 1/4
   197 | D        | Noticed an ogre
   202 | D        | Killed an ogre
   203 | D        | Reached skill level 5 in Unarmed Combat
   203 | D        | Gained mutation: Your natural rate of healing is unusually
                  | fast. [Vine Stalker growth]
   203 | D        | Reached XP level 4. HP: 26/26 MP: 5/5
   260 | D        | Noticed Sigmund
   267 | D        | Killed Sigmund
   267 | D        | Reached ** piety under Trog
   268 | D        | Reached skill level 5 in Armour
   268 | D        | Reached skill level 5 in Dodging
   268 | D        | Reached XP level 5. HP: 32/32 MP: 6/6
   268 | D        | Reached XP level 6. HP: 36/36 MP: 7/7
   323 | D        | Found an ornate altar of the Wu Jian Council.
   323 | D        | Found a shimmering blue altar of Sif Muna.
   325 | D        | Found a radiant altar of Vehumet.
   337 | D        | Killed a gargoyle
   345 | D        | Found the +4 moon troll leather armour {Spirit, Regen++
                  | MP+5}
   345 | D        | Noticed a centaur warrior
   345 | D        | Noticed a centaur warrior
   372 | D        | Found Hoan Sia's Book Emporium.
   372 | D        | Found an ancient bone altar of Kikubaaqudgha.
   372 | D        | Found a hazy altar of Hepliaklqana.
   372 | D        | Found a stormy altar of Qazlal.
   372 | D        | Found a hide-covered altar of Uskayaw.
   372 | D        | Found a blossoming altar of Fedhas.
   372 | D        | Found a bloodstained altar of Trog.
   372 | D        | Found an iron altar of Okawaru.
   372 | D        | Found a basalt altar of Yredelemnul.
   372 | D        | Found a glowing golden altar of the Shining One.
   372 | D        | Found a snail-covered altar of Cheibriados.
   372 | D        | Found a sacrificial altar of Ru.
   372 | D        | Found a glowing silver altar of Zin.
   372 | D        | Found a shadowy altar of Dithmenos.
   372 | D        | Found a white marble altar of Elyvilon.
   372 | D        | Noticed a yak
   380 | D        | Killed a yak
   381 | D        | Reached XP level 7. HP: 25/42 MP: 2/8
   381 | D        | Found an opulent altar of Gozag.
   382 | D        | Found a sparkling altar of Nemelex Xobeh.
   422 | D        | Noticed Sonja
   434 | D        | HP: 1/28 [Sonja/+2 dagger of draining (3)]
   434 | D        | Slain by Sonja

Illustrated notes

Levels and vault maps discovered:
D:        dungeon_sprint_1 [red_sonja_temple_1, red_sonja_temple_small_1]

Skill      XL: |  1  2  3  4  5  6 |
---------------+-------------------+-----
Fighting       | 3 4 6 7 |  7.2
Armour         | 2 4 5 6 |  6.2
Dodging        | 2 4 5 6 |  6.2
Unarmed Combat | 4 5 6 7 |  7.9

Action                   |  1- 3 |  4- 6 |  7- 9 || total
-------------------------+-------+-------+-------++-------
Melee: Unarmed           |    17 |    13 |     2 ||    32
       Bite              |     2 |     6 |       ||     8
       Punch             |     1 |     2 |       ||     3
Invok: Berserk           |     1 |     2 |     1 ||     4
 Stab: Sleeping          |       |     1 |       ||     1
Armor: Animal skin       |     2 |       |       ||     2
       Robe              |       |       |     7 ||     7
Dodge: Dodged            |     9 |     6 |    13 ||    28
